 Dungeon Crawl Stone Soup version 0.28-a0-1080-g05a166d0ed (webtiles) character file.

Game seed: 8934663489906183695

9032 wakim the Grappler (level 11, -17/101 HPs)
             Began as a Ghoul Fighter on Dec 8, 2021.
             Was a Follower of Makhleb.
             Demolished by an orc knight (26 damage)
             ... in a bailey on Dec 10, 2021.
             The game lasted 00:40:24 (8457 turns).

wakim the Grappler (Ghoul Fighter)                  Turns: 8457, Time: 00:40:24

Health: -17/101    AC:  9    Str: 21    XL:     11   Next: 40%
Magic:  15/15      EV:  7    Int:  5    God:    Makhleb [*.....]
Gold:   339        SH:  4    Dex: 10    Spells: 10/10 levels left

rFire   . . .      SeeInvis .     - Unarmed
rCold   + . .      Faith    .   b - +0 buckler
rNeg    + + +      Spirit   .   u - +0 chain mail
rPois   ∞          Reflect  .   (no helmet)
rElec   .          Harm     .   (no cloak)
rCorr   .          Rampage  .   (no gloves)
Will    .....                   (no boots)
Stlth   ..........              i - amulet of regeneration
HPRegen 0.00/turn               (no ring)
MPRegen 0.14/turn               (no ring)

@: inhibited regen
A: claws 1, cold resistance 1, negative energy resistance 3, inhibited
regeneration, torment resistance 2
a: Renounce Religion


You were in a bailey.
You worshipped Makhleb.
Makhleb was aware of your devotion.
You visited 2 branches of the dungeon, and saw 8 of its levels.
You also visited: Sewer and Bailey.

You collected 361 gold pieces.
You spent 22 gold pieces at shops.

Inventory:

Missiles
 k - 19 poisoned darts (quivered)
 s - a throwing net {=f!f}
Armour
 b - a +0 buckler (worn)
 u - a +0 chain mail (worn)
Jewellery
 g - a ring of ice
 i - an amulet of regeneration (around neck)
Wands
 t - a wand of digging (4)
 v - a wand of flame (10)
 x - a wand of iceblast (2)
Scrolls
 e - 2 scrolls of summoning
 f - a scroll of fear {unknown}
 h - 6 scrolls of enchant weapon
 j - 2 scrolls of teleportation {unknown}
 l - a scroll of holy word {unknown}
 n - a scroll of amnesia {unknown}
 p - 4 scrolls of immolation {unknown}
 w - 2 scrolls of enchant armour
 R - 2 scrolls of magic mapping {!r}
Potions
 a - 3 potions of haste {unknown}
 c - 2 potions of brilliance {unknown}
 d - a potion of mutation {unknown}
 o - a potion of flight {unknown}
 q - 2 potions of degeneration {unknown}
 r - 2 potions of attraction {unknown}
 F - 2 potions of curing
 J - 4 potions of heal wounds
 K - 5 potions of magic
 N - a potion of might


   Skills:
 + Level 10.5 Fighting
 - Level 3.0 Throwing
 - Level 5.4 Armour
 - Level 4.0 Shields
 - Level 12.0 Unarmed Combat
 - Level 6.7 Invocations
 - Level 6.0 Evocations


You had 10 spell levels left.
You didn't know any spells.
Your spell library contained the following spells:

 Spells                   Type           Power      Damage    Failure   Level
 Slow                     Hex            0%         N/A       99%         1
 Call Canine Familiar     Summ           0%         N/A       100%        3
 Confusing Touch          Hex            0%         N/A       100%        3
 Ozocubu's Armour         Ice            0%         N/A       100%        3
 Portal Projectile        Hex/Tloc       0%         N/A       100%        3
 Cause Fear               Hex            0%         N/A       100%        4
 Leda's Liquefaction      Hex/Erth       0%         N/A       100%        4
 Metabolic Englaciation   Hex/Ice        0%         N/A       100%        5
 Yara's Violent Unravell  Hex/Tmut       0%         3d3       100%        5
 Simulacrum               Ice/Necr       0%         N/A       100%        6
 Dragon's Call            Summ           0%         N/A       100%        9
 Dragon Form              Tmut           Unusable   N/A       N/A         7

Dungeon Overview and Level Annotations

Branches:
Dungeon (7/15)             Temple (1/1) D:6           Sewer (visited)
 Bailey (1/1)

Altars:
Ashenzari
Elyvilon
Fedhas
Gozag
Kikubaaqudgha
Makhleb
Nemelex Xobeh
Okawaru
Qazlal
Ru
Trog
Uskayaw
Wu Jian
Xom
Yredelemnul
Zin

Shops:
D:2 ?   D:6 :   D:7 *

Annotations:
D:6 3 runed translucent doors, Tribosh's ghost, amateur FeSu


Innate Abilities, Weirdness & Mutations

You thrive by killing the living.
You are immune to poison.
You have sharp fingernails.
Your flesh is cold resistant. (rC+)
You are immune to negative energy. (rN+++)
You do not regenerate when monsters are visible.
You are immune to unholy pain and torment.


Message History

The iceblast engulfs the orc knight!
The orc knight is moderately wounded.
Aiming: Iceblast
Press: ? - help, Shift-Dir - straight line, f/p - orc knight
Aim: an orc knight, wielding a +0 glaive and wearing a +0 plate armour (moderately wounded)
The mass of ice explodes!
The iceblast engulfs the orc knight!
The orc knight is moderately wounded.
The iceblast engulfs the orc warrior!!
You kill the orc warrior!
Makhleb accepts your kill. The orc knight barely misses you.
You claw the orc knight!
The orc knight is heavily wounded.
The orc knight hits you with a +0 glaive!!
You scratch the orc knight.
The orc knight is heavily wounded.
You completely miss the orc knight.
The orc knight is heavily wounded.
The orc knight hits you with a +0 glaive!
You scratch the orc knight.
The orc knight is heavily wounded.
The orc knight hits you with a +0 glaive.
You scratch the orc knight.
The orc knight is severely wounded.
The orc knight hits you with a +0 glaive!!
* * * LOW HITPOINT WARNING * * *
You closely miss the orc knight.
The orc knight is severely wounded.
You claw the orc knight!
The orc knight is almost dead.
The orc knight hits you with a +0 glaive!!
* * * LOW HITPOINT WARNING * * *
You barely miss the orc knight.
The orc knight is almost dead.
The orc knight hits you with a +0 glaive!
* * * LOW HITPOINT WARNING * * *
You barely miss the orc knight.
The orc knight is almost dead.
The orc knight hits you with a +0 glaive!!
You die...

#.......#
#.......#
#.......#
##.....##
#'''''#
##..)..##
#.......#
#...o...#
#...@...#
#.......#
#.......#
##.....##
##'''##
#.....#
#.....#
#.....#
#.....#


You could see an orc knight.

Vanquished Creatures
  Pikel (D:6)
  3 orc knights (Bailey)
  Eustachio (D:5)
  2 water moccasins (D:6)
  Duvessa (D:6)
  12 orc warriors (Bailey)
  A hornet zombie (D:7)
  A sky beast (D:6)
  An ice beast (D:6)
  3 ogres
  5 kobold brigands (Sewer)
  3 bullfrogs
  2 scorpions
  Dowan (D:5)
  2 centaur zombies (D:6)
  2 hounds
  2 jellies
  A centaur skeleton (D:6)
  A gnoll shaman (D:5)
  A bullfrog skeleton (D:5)
  5 iguanas
  Ijyb (D:5)
  An orc wizard (D:3)
  2 hound skeletons
  13 gnolls
  A howler monkey skeleton (D:6)
  10 adders
  7 river rats
  4 worms
  2 dart slugs (D:2)
  31 orcs
  14 endoplasms
  3 giant cockroaches
  4 goblins
  15 hobgoblins
  4 quokkas
  7 ball pythons
  6 bats
  3 frilled lizards
  14 kobolds
  11 rats
204 creatures vanquished.

Notes
Turn   | Place    | Note
-------+----------+-------------------------------------------
     0 | D:1      | wakim the Ghoul Fighter began the quest for the Orb.
     0 | D:1      | Reached XP level 1. HP: 19/19 MP: 0/0
   115 | D:1      | Reached XP level 2. HP: 25/26 MP: 1/1
   512 | D:1      | Found a faded altar of an unknown god.
   755 | D:2      | Reached XP level 3. HP: 33/33 MP: 2/2
  1281 | D:2      | Found Kaotruw's Magic Scroll Shop.
  1777 | D:3      | Reached XP level 4. HP: 40/40 MP: 3/3
  1834 | D:2      | HP: 1/40 [gnoll (2)]
  2315 | D:3      | Found a glowing drain.
  2320 | Sewer    | Entered a sewer
  2577 | Sewer    | Noticed a kobold brigand
  2588 | Sewer    | Reached XP level 5. HP: 47/47 MP: 4/4
  2610 | Sewer    | Killed a kobold brigand
  2611 | Sewer    | Reached skill level 3 in Unarmed Combat
  2837 | Sewer    | Noticed a kobold brigand
  2861 | Sewer    | Killed a kobold brigand
  2862 | Sewer    | Reached skill level 5 in Fighting
  2862 | Sewer    | Reached skill level 4 in Unarmed Combat
  2862 | Sewer    | Reached XP level 6. HP: 38/56 MP: 5/5
  3059 | Sewer    | Reached skill level 5 in Unarmed Combat
  3251 | Sewer    | Reached XP level 7. HP: 40/61 MP: 6/6
  3807 | Sewer    | Reached skill level 6 in Unarmed Combat
  3892 | D:2      | Bought a scroll of identify for 22 gold pieces
  3975 | D:2      | Upgraded the game from 0.28-a0-1038-g9c4cb8273d to
                  | 0.28-a0-1080-g05a166d0ed
  4889 | D:3      | Found a sparkling altar of Nemelex Xobeh.
  4890 | D:3      | Found a blossoming altar of Fedhas.
  5180 | D:4      | Reached skill level 1 in Evocations
  5682 | D:5      | Entered Level 5 of the Dungeon
  5738 | D:5      | Reached XP level 8. HP: 53/71 MP: 7/7
  5890 | D:5      | Noticed Eustachio
  5905 | D:5      | Killed Eustachio
  6178 | D:5      | Noticed Ijyb
  6218 | D:5      | Killed Ijyb
  6456 | D:6      | Reached skill level 7 in Unarmed Combat
  6497 | D:6      | Found Kumagrai's Self-Improvement Boutique.
  6720 | D:6      | Reached XP level 9. HP: 38/82 MP: 8/8
  6797 | D:6      | Found a staircase to the Ecumenical Temple.
  6813 | Temple   | Entered the Ecumenical Temple
  6972 | Temple   | Became a worshipper of Makhleb the Destroyer
  7048 | D:6      | Reached skill level 5 in Evocations
  7063 | D:6      | Identified the +0 chain mail of the Devil's Team {Str-5
                  | Int+9}
  7133 | D:6      | Noticed Dowan
  7160 | D:6      | Noticed Duvessa
  7170 | D:6      | Killed Duvessa
  7180 | D:5      | Killed Dowan
  7236 | D:6      | Found a runed translucent gate.
  7241 | D:6      | Found a runed translucent gate.
  7242 | D:6      | Found a runed translucent gate.
  7311 | D:6      | Noticed Tribosh's ghost (amateur FeSu)
  7484 | D:7      | Reached skill level 1 in Throwing
  7538 | D:7      | Noticed Pikel
  7551 | D:7      | Paralysed by Pikel for 2 turns
  7556 | D:6      | Killed Pikel
  7576 | D:7      | Found Yllinall's Assorted Antiques.
  7699 | D:7      | Reached * piety under Makhleb
  7710 | D:7      | Found a flagged portal.
  7738 | D:7      | Reached skill level 1 in Invocations
  7748 | Bailey   | Entered a bailey
  7820 | Bailey   | Reached XP level 10. HP: 93/93 MP: 9/11
  7831 | Bailey   | Reached skill level 8 in Unarmed Combat
  7915 | Bailey   | Reached skill level 5 in Armour
  7915 | Bailey   | Reached skill level 11 in Unarmed Combat
  7915 | Bailey   | Reached XP level 11. HP: 99/99 MP: 11/15
  7953 | Bailey   | Noticed an orc knight
  7989 | Bailey   | Reached skill level 10 in Fighting
  7994 | Bailey   | Killed an orc knight
  8330 | Bailey   | Noticed an orc knight
  8346 | Bailey   | Killed an orc knight
  8356 | Bailey   | Noticed an orc knight
  8379 | Bailey   | Killed an orc knight
  8380 | Bailey   | Reached skill level 12 in Unarmed Combat
  8430 | Bailey   | Noticed an orc knight
  8457 | Bailey   | Demolished by an orc knight

Illustrated notes

Levels and vault maps discovered:
D:1:      lightli_arrival_windingriver, layout_loops_ring,
          dreamdust_ecumenical_altar_hidden_monk_grotto
D:2:      layout_loops_cross, serial_shops, shop
D:3:      layout_basic, gammafunk_temple_overflow_claw,
          lightli_sewer_entry_pipes, minmay_misc_feat_more_columns
D:4:      layout_gridville
D:5:      layout_loops_ring, uniq_eustachio, uniq_ijyb
D:6:      layout_rooms, minmay_temple_entry_arrows,
          gammafunk_ghost_nasty_kobolds, nicolae_shop_self_help, uniq_duvessa
D:7:      layout_layer_cave, mainiacjoe_overflow_boulevard,
          kennysheep_little_box, serial_shops, nicolae_inconvenience_store,
          lightli_bailey_entry_fortress, uniq_pikel, uniq_crazy_yiuf_cottage
Temple:   dshaligram_water_room_temple
Bailey:   bailey_polearm_5, bailey

Skill      XL: |  1  2  3  4  5  6  7  8  9 10 11 |
---------------+----------------------------------+-----
Shields        | 3 4 |  4.0
Fighting       | 4 5 6 8 9 10 | 10.5
Unarmed Combat | 4 5 6 7 11 12 | 12.0
Evocations     | 2 3 6 |  6.0
Throwing       | 3 |  3.0
Invocations    | 3 6 |  6.7
Armour         | 5 |  5.4

Action                   |  1- 3 |  4- 6 |  7- 9 | 10-12 || total
-------------------------+-------+-------+-------+-------++-------
Melee: Unarmed           |   164 |   163 |   394 |    54 ||   775
Throw: Dart              |       |    14 |    68 |     8 ||    90
Evoke: Wand              |       |       |    17 |    16 ||    33
  Use: Scroll            |       |       |     7 |       ||     7
       Potion            |       |       |       |     2 ||     2
 Stab: Paralysed         |       |       |       |     1 ||     1
Armor: Scale mail        |    43 |    43 |    92 |       ||   178
       Chain mail        |       |       |     3 |    20 ||    23
Dodge: Dodged            |    59 |    54 |   112 |    20 ||   245
Block: Buckler           |    20 |    17 |    47 |    14 ||    98

Table legend: (Time is in decaauts)
 A = Elapsed time spent in this place.
 B = Non-inter-level travel time spent in this place.
 C = Inter-level travel time spent in this place.
 D = Time resting spent in this place.
 E = Time spent auto-exploring this place.
 F = Levels seen in this place.
 G = Mean time per level.
                   A        B        C        D        E       F      G
               +--------+--------+--------+--------+--------+-----+--------+
         Total |   8643 |   8171 |    472 |   1345 |   4452 |  10 |  864.3 |
       Dungeon |   6063 |   5637 |    426 |    658 |   3283 |   7 |  866.1 |
        Temple |    172 |    126 |     46 |      0 |    115 |   1 |  172.0 |
         Sewer |   1712 |   1712 |      0 |    433 |    948 |   1 | 1712.0 |
        Bailey |    695 |    695 |      0 |    254 |    105 |   1 |  695.0 |
               +--------+--------+--------+--------+--------+-----+--------+

Top non-repeatable levels by time:
   Sewer: 1712 daAuts
     D:3: 1242 daAuts
     D:2: 1152 daAuts
     D:1: 1013 daAuts
     D:6: 915 daAuts
     D:4: 788 daAuts
     D:5: 785 daAuts
  Bailey: 695 daAuts
  Temple: 172 daAuts
     D:7: 165 daAuts
